 Dungeon Crawl Stone Soup version 0.20.0-1-g1cb1d84 (webtiles) character file.

81 Gorglomux the Skirmisher (level 4, 0/38 HPs)
             Began as a Minotaur Warper on May 26, 2017.
             Was a Follower of Dithmenos.
             Slain by Robin
             ... wielding a +3 spear of venom
              (1 damage)
             ... on level 3 of the Dungeon.
             The game lasted 00:01:15 (2366 turns).

Gorglomux the Skirmisher (Minotaur Warper)          Turns: 2366, Time: 00:01:15

Health: 0/38       AC:  3    Str: 14 (15) XL:     4   Next: 19%
Magic:  5/5        EV: 12    Int:  9 (10) God:    Dithmenos [*.....]
Gold:   155        SH:  0    Dex:  9 (11) Spells: 5/5 levels left

rFire    . . .     SeeInvis .   a - +0 hand axe
rCold    . . .     Gourm    .   (no shield)
rNeg     . . .     Faith    .   b - +0 leather armour
rPois    .         Spirit   .   (helmet restricted)
rElec    .         Reflect  .   (no cloak)
rCorr    .         Harm     .   (no gloves)
MR       .....                  (no boots)
Stlth    +.........             (no amulet)
Regen    0.2/turn               (no ring)
MPRegen  0.1/turn               (no ring)

@: lethally poisoned (0 -> -27), wreathed by umbra
A: retaliatory headbutt, horns 2
a: Renounce Religion


You were on level 3 of the Dungeon.
You worshipped Dithmenos.
Dithmenos was aware of your devotion.
You were not hungry.

You visited 1 branch of the dungeon, and saw 3 of its levels.

You collected 155 gold pieces.

Inventory:

Hand Weapons
 a - a +0 hand axe (weapon)
Missiles
 e - 5 tomahawks of dispersal (quivered)
Armour
 b - a +0 leather armour (worn)
Jewellery
 D - a +2 amulet of reflection {unknown}
 I - a cursed amulet of inaccuracy {unknown}
 K - an uncursed ring of protection from fire {unknown}
Scrolls
 B - 2 scrolls of blinking
 F - 2 scrolls of identify {unknown}
 M - a scroll of remove curse {unknown}
Books
 c - a book of Spatial Translocations

   Spells                             Type                      Level
   a - Blink                          Translocation                2
   b - Shroud of Golubria             Charms/Translocation         2
   c - Lesser Beckoning               Translocation                3
   d - Gell's Gravitas                Translocation                3
   e - Teleport Other                 Translocation                3
   f - Passage of Golubria            Translocation                4
Comestibles
 f - 3 bread rations


   Skills:
 + Level 3.5 Fighting
 + Level 3.2 Axes
 - Level 1.0 Throwing
 + Level 2.8 Armour
 + Level 2.9 Dodging
 - Level 1.3 Spellcasting
   Level 2.1 Translocations


You had 5 spell levels left.
You didn't know any spells.

Dungeon Overview and Level Annotations

Branches:
Dungeon (3/15)

Altars:
Dithmenos
Sif Muna

Annotations:
D:3 Robin


Innate Abilities, Weirdness & Mutations

You reflexively headbutt those who attack you in melee.
You have a pair of horns on your head.


Message History

Robin is heavily wounded.
* * * LOW HITPOINT WARNING * * *
You feel very sick. Robin barely misses you. You furiously retaliate!
You headbutt Robin.
A gnoll comes into view. It is wielding a halberd.
Unknown command.
You barely miss Robin.
The gnoll shouts!
You headbutt Robin.
Robin is almost dead.
* * * LOW HITPOINT WARNING * * *
You feel sick. Robin closely misses you. Robin hits you with a spear of venom.
* * * LOW HITPOINT WARNING * * *
You are more poisoned.
You hit Robin but do no damage.
Robin is almost dead.
* * * LOW HITPOINT WARNING * * *
You feel very sick. Robin hits you with a spear of venom.
You die...

................
#............#..
.#............#.. .
................ ..
#....(......##.
...##.....<........
.............<...#
..........($.....#
........@..<.....#
.#.###g()#.####.#
.......))[)[.# #
..#.....>÷.÷....>.
#......%...####.
...###g.....# ..##
........# #
...........
.............


You could see Robin and a gnoll.

Vanquished Creatures
  A gnoll (D:1)
  2 worms (D:2)
  A dart slug (D:1)
  2 orcs (D:3)
  A ball python (D:2)
  6 bats
  2 giant cockroaches
  10 goblins
  9 hobgoblins
  A quokka (D:2)
  5 frilled lizards
  10 kobolds
  5 rats
55 creatures vanquished.

Notes
Turn   | Place    | Note
-------+----------+-------------------------------------------
     0 | D:1      | Gorglomux the Minotaur Warper began the quest for the Orb.
     0 | D:1      | Reached XP level 1. HP: 18/18 MP: 1/1
   239 | D:1      | Reached XP level 2. HP: 15/25 MP: 3/3
   741 | D:1      | Reached skill level 3 in Axes
   745 | D:1      | Reached skill level 3 in Fighting
   769 | D:1      | Reached XP level 3. HP: 7/31 MP: 4/4
  1605 | D:2      | Found a faded altar of an unknown god.
  1663 | D:2      | Found a deep blue altar of Sif Muna.
  1801 | D:2      | Became a worshipper of Dithmenos the Shadowed
  1801 | D:2      | Reached * piety under Dithmenos
  2107 | D:3      | Noticed Robin
  2108 | D:3      | Reached XP level 4. HP: 36/38 MP: 5/5
  2132 | D:2      | Reached ** piety under Dithmenos
  2366 | D:3      | HP: 1/38 [poisoned by Robin]
  2366 | D:3      | Slain by Robin

Skill      XL: |  1  2 |
---------------+-------+-----
Axes           | 3 |  3.2
Armour         | 2 |  2.8
Fighting       | 3 |  3.5
Throwing       | |  1.0
Dodging        | |  2.9
Spellcasting   | |  1.3
Translocations | |  2.1

Action                   |  1- 3 |  4- 6 || total
-------------------------+-------+-------++-------
Melee: Hand axe          |    94 |    18 ||   112
       Headbutt          |    14 |     3 ||    17
  Use: Potion            |       |     3 ||     3
 Stab: Sleeping          |     1 |       ||     1
  Eat: Chunk             |     4 |     1 ||     5
Armor: Leather armour    |    17 |     7 ||    24
Dodge: Dodged            |    70 |    21 ||    91
